 Dungeon Crawl Stone Soup version 0.27-a0-1290-g15d3ce7508 (webtiles) character file.

Game seed: 5191237888617687032

341 Glokmah the Ruffian (level 6, -1/50 HPs)
             Began as a Draconian Transmuter on June 15, 2021.
             Slain by Pikel (11 damage)
             ... on level 4 of the Dungeon.
             The game lasted 00:07:30 (4543 turns).

Glokmah the Ruffian (Draconian Transmuter)          Turns: 4543, Time: 00:07:31

Health: -1/50      AC:  2    Str: 15    XL:     6   Next: 30%
Magic:  2/10       EV: 19    Int: 13    God:
Gold:   121        SH:  0    Dex: 16    Spells: 0/10 levels left

rFire    . . .     SeeInvis .     - Unarmed
rCold    . . .     Faith    .   (shield currently unavailable)
rNeg     . . .     Spirit   .   (armour unavailable)
rPois    x         Reflect  .   (helmet currently unavailable)
rElec    .         Harm     .   (cloak currently unavailable)
rCorr    +         Rampage  .   (gloves currently unavailable)
Will     .....                  (boots currently unavailable)
Stlth    +.........             (no amulet)
HPRegen  0.16/turn              o - ring of resist corrosion
MPRegen  0.12/turn              (no ring)

@: spider-form (expiring), wereblooded
A: venomous fangs, AC +6, tiny, unfitting armour, (cold-blooded)
a: End Transformation


You were on level 4 of the Dungeon.
You were a venomous arachnid creature.
You visited 1 branch of the dungeon, and saw 4 of its levels.

You collected 121 gold pieces.

Inventory:

Hand Weapons
 d - a +1 hunting sling of flaming
Missiles
 i - 57 stones
 r - 12 poisoned darts
Jewellery
 o - a ring of resist corrosion (left front leg)
Scrolls
 f - a scroll of immolation
Potions
 b - 2 potions of ambrosia
 h - a potion of lignification {unknown}
 j - 2 potions of flight {unknown}
 l - 2 potions of brilliance
 m - a potion of curing {unknown}
 q - a potion of haste {unknown}


   Skills:
 + Level 2.5 Fighting
 + Level 2.6 Dodging
 * Level 4.3 Unarmed Combat
 + Level 2.8 Spellcasting
 * Level 4.0 Transmutations
 + Level 1.4 Poison Magic


You couldn't memorise any spells.
You knew the following spells:

 Your Spells              Type           Power      Damage    Failure   Level
a - Beastly Appendage     Tmut           24%        N/A       14%         1
b - Wereblood             Tmut           12%        N/A       19%         2
c - Spider Form           Tmut/Pois      4%         N/A       43%         3
d - Ice Form              Ice/Tmut       7%         N/A       87%         4

Your spell library contained the following spells:

 Spells                   Type           Power      Damage    Failure   Level
 Animate Skeleton         Necr           2%         N/A       45%         1
 Foxfire                  Conj/Fire      4%         2x1d4     45%         1
 Magic Dart               Conj           4%         1d3       45%         1
 Pain                     Necr           4%         1d4       45%         1
 Blink                    Tloc           N/A        N/A       56%         2
 Call Imp                 Summ           1%         N/A       56%         2
 Searing Ray              Conj           2%         3d3       56%         2
 Slow                     Hex            1%         N/A       56%         2
 Mephitic Cloud           Conj/Pois/Air  3%         N/A       71%         3
 Conjure Flame            Conj/Fire      1%         6-21      77%         3
 Dazzling Flash           Conj/Hex       2%         N/A       77%         3
 Inner Flame              Hex/Fire       1%         N/A       77%         3
 Vampiric Draining        Necr           0%         2d6       77%         3
 Animate Dead             Necr           0%         N/A       98%         4
 Fulminant Prism          Conj/Hex       0%         3d6       98%         4
 Iskenderun's Mystic Bla  Conj/Tloc      1%         2d3       98%         4
 Sticky Flame             Conj/Fire      1%         2d3       98%         4
 Agony                    Necr           1%         N/A       100%        5
 Fireball                 Conj/Fire      0%         3d3       100%        5


Dungeon Overview and Level Annotations

Branches:
Dungeon (4/15)             Temple (0/1) D:4

Altars:

Shops:
D:2 *

Annotations:
D:4 Pikel


Innate Abilities, Weirdness & Mutations

You are a venomous arachnid creature.
You have poisonous fangs.
You are tiny and dextrous.
Your spellcasting is less reliable in this form.
Your armour is entirely melded.
You are incapable of wielding weapons or throwing items.
((Your plain brown scales are hard. (AC +6)))
You cannot fit into any form of body armour.
((You are cold-blooded and may be slowed by cold attacks.))


Message History

Confirm with . or Enter, or press ? or * to list all spells.
You miscast Wereblood.
Nothing appears to happen.
Casting: Wereblood (safe; 19% risk of failure)
Confirm with . or Enter, or press ? or * to list all spells.
Your blood is infused with primal strength.
You climb downwards.
Level annotation: Pikel Pikel says, "All the lords of Hell know my name!"
There is a stone staircase leading up here.
You see here a +1 short sword of venom.
You barely miss Pikel.
Pikel says, "Antaeus said I was his favorite kobold.
Me!"
Pikel hits you with a +0 whip of flaming.
Pikel burns you.
You bite Pikel!
Pikel is poisoned.
Pikel is lightly wounded.
Pikel drinks a potion.
Pikel goes berserk!
You bite Pikel!
Pikel looks as sick as possible!
Pikel is moderately wounded.
Your transformation is almost over.
Pikel misses you.
You hit Pikel.
Pikel looks as sick as possible!
Pikel is heavily wounded.
Pikel hits you with a +0 whip of flaming!
Pikel burns you. Pikel misses you.
You hit Pikel.
Pikel is heavily wounded.
Pikel hits you with a +0 whip of flaming!
Pikel burns you.
You hear a shout!
You see here a +1 short sword of venom.
You hear a shout!
Pikel hits you with a +0 whip of flaming!
* * * LOW HITPOINT WARNING * * *
Pikel burns you.
* * * LOW HITPOINT WARNING * * *
Your magical contamination has completely faded away.
There is a stone staircase leading up here.
Pikel hits you with a +0 whip of flaming!
You die...

#.#..K##.# #.### #
#...##.# #...# #.#......#
#...# ....... #.#....###
#...# ....... #........#
#...# ....... ###...##.#
#... ....... #))..#...#
#.## .......
#)####.#######K<# .......
#.#......[...5)s##.......
#.)..#.########..........
####.#.# ####.......
..#.# ....... .#.#.#
.###### # #.#...# .# . .
##### #. ..# ### .. ..# #
#. #z#


You could see Pikel (berserk, very poisoned) and a lemure.

Vanquished Creatures
  A wight (D:4)
  A howler monkey (D:3)
  2 hounds (D:4)
  An iguana (D:3)
  3 gnolls (D:4)
  7 adders
  2 worms (D:2)
  A dart slug (D:3)
  An orc (D:3)
  9 ball pythons
  6 endoplasms
  3 giant cockroaches
  7 goblins
  6 hobgoblins
  7 jackals
  3 quokkas
  6 bats
  3 frilled lizards (D:1)
  5 kobolds
  6 rats
80 creatures vanquished.

Notes
Turn   | Place    | Note
-------+----------+-------------------------------------------
     0 | D:1      | Glokmah the Draconian Transmuter began the quest for the
                  | Orb.
     0 | D:1      | Reached XP level 1. HP: 16/16 MP: 3/3
   390 | D:1      | Reached XP level 2. HP: 23/23 MP: 3/5
   397 | D:1      | Learned a level 2 spell: Wereblood
  1336 | D:2      | Reached XP level 3. HP: 28/28 MP: 2/6
  1832 | D:2      | Learned a level 3 spell: Spider Form
  2020 | D:2      | Found Boywut's Assorted Antiques.
  2030 | D:2      | Reached XP level 4. HP: 30/31 MP: 4/7
  2906 | D:3      | Reached XP level 5. HP: 16/41 MP: 6/8
  3483 | D:4      | Reached skill level 1 in Poison Magic
  4169 | D:3      | Reached XP level 6. HP: 44/50 MP: 6/10
  4237 | D:3      | Learned a level 4 spell: Ice Form
  4451 | D:4      | Found a staircase to the Ecumenical Temple.
  4452 | D:4      | Noticed Pikel
  4543 | D:4      | Slain by Pikel

Illustrated notes

Levels and vault maps discovered:
D:1:      dpeg_arrival_simpleton_c, layout_basic
D:2:      layout_basic, serial_shops, nicolae_shop_trees, minmay_small_reverse_x
D:3:      layout_rooms, nrook_mini_vaults
D:4:      minmay_angry_zag, layout_basic, minmay_temple_entry_grid, uniq_edmund,
          uniq_pikel

Skill      XL: |  1  2  3  4  5  6 |
---------------+-------------------+-----
Dodging        | 2 |  2.6
Transmutations | 3 4 |  4.0
Fighting       | 2 |  2.5
Unarmed Combat | 4 |  4.3
Poison Magic   | 1 |  1.4
Spellcasting   | |  2.8

Action                   |  1- 3 |  4- 6 || total
-------------------------+-------+-------++-------
Melee: Unarmed           |   107 |   116 ||   223
       Kick              |    22 |    16 ||    38
       Headbutt          |     9 |    13 ||    22
       Tailslap          |    11 |     8 ||    19
       Punch             |       |     1 ||     1
 Fire: Hunting sling     |     6 |       ||     6
 Cast: Beastly Appendage |    26 |    18 ||    44
       Wereblood         |     5 |     8 ||    13
       Spider Form       |       |     4 ||     4
  Use: Scroll            |       |     9 ||     9
 Stab: Sleeping          |     1 |       ||     1
Armor: Skin              |    26 |    35 ||    61
Dodge: Dodged            |    68 |    79 ||   147

Table legend: (Time is in decaauts)
 A = Elapsed time spent in this place.
 B = Non-inter-level travel time spent in this place.
 C = Inter-level travel time spent in this place.
 D = Time resting spent in this place.
 E = Time spent auto-exploring this place.
 F = Levels seen in this place.
 G = Mean time per level.
                   A        B        C        D        E       F      G
               +--------+--------+--------+--------+--------+-----+--------+
         Total |   4537 |   4056 |    481 |    846 |   2282 |   4 | 1134.2 |
       Dungeon |   4537 |   4056 |    481 |    846 |   2282 |   4 | 1134.2 |
               +--------+--------+--------+--------+--------+-----+--------+

Top non-repeatable levels by time:
     D:2: 1533 daAuts
     D:3: 1322 daAuts
     D:1: 1220 daAuts
     D:4: 460 daAuts
